 Dungeon Crawl Stone Soup version 0.29.1 (webtiles) character file.

Game seed: 1286547481785922220

94616 qw the Warrior (level 15, -9/163 HPs)
             Began as a Minotaur Berserker on Sept 13, 2022.
             Was an Elder of Trog.
             Mangled by a steelbarb worm (19 damage)
             ... on level 1 of the Spider Nest.
             The game lasted 00:09:21 (30263 turns).

qw the Warrior (Minotaur Berserker)                Turns: 30263, Time: 00:09:21

Health: -9/163     AC: 28    Str: 30    XL:     15   Next: 64%
Magic:  14/14      EV:  9    Int:  4    God:    Trog [****..]
Gold:   201        SH: 17    Dex: 13    Spells: 14/14 levels left

rFire   . . .      SeeInvis .   b - +1 broad axe
rCold   + . .      Faith    .   v - +0 tower shield
rNeg    + + +      Spirit   .   j - +3 plate armour
rPois   +          Reflect  .   (helmet restricted)
rElec   .          Harm     .   q - +0 cloak
rCorr   .          Rampage  .   (no gloves)
Will    +....                   g - +2 pair of boots {Fly}
Stlth   ..........              r - amulet of the acrobat
HPRegen 0.37/turn               e - +4 ring of protection
MPRegen 0.14/turn               d - ring of Fiho {Drain Fly rPois rN+++ Dex+6}

@: on berserk cooldown, flying, slowed, very slow
A: horns 2, retaliatory headbutt, clumsy 1, cold resistance 1, robust 1,
MP-powered wands
a: Renounce Religion, Berserk, Trog's Hand, Brothers in Arms


You were on level 1 of the Spider Nest.
You worshipped Trog.
Trog was greatly pleased with you.
You visited 4 branches of the dungeon, and saw 23 of its levels.

You collected 1847 gold pieces.
You spent 1646 gold pieces at shops.


Innate Abilities, Weirdness & Mutations

You have a pair of horns on your head.
You reflexively headbutt those who attack you in melee.
You are clumsy. (Dex -2)
Your flesh is cold resistant. (rC+)
You are robust. (+10% HP)
You expend magic power (3 MP) to strengthen your wands.


   Skills:
 - Level 18.0 Fighting
 - Level 18.0 Axes
 - Level 8.1 Throwing
 - Level 14.1 Armour
 - Level 9.0 Dodging
 + Level 12.5 Shields


You had 14 spell levels left.
You didn't know any spells.
Your spell library was empty.

Inventory:

Hand Weapons
 a - a -1 demon whip of venom
 b - a +1 broad axe (weapon)
Missiles
 s - 10 boomerangs (quivered)
Armour
 g - a +2 pair of boots of flying (worn)
 j - a +3 plate armour (worn)
 q - a +0 cloak (worn)
 u - a +6 plate armour of ponderousness
 v - a +0 tower shield (worn)
Jewellery
 d - the ring of Fiho (right hand) {Drain Fly rPois rN+++ Dex+6}
   (You found it on level 5 of the Lair of Beasts)

   [ring of dexterity]

   Dex:       It affects your dexterity (+6).
   rPois:     It protects you from poison.
   rN:        It renders you almost immune to negative energy.
   Fly:       It grants you flight.
   Drain:     It drains your maximum health when unequipped.
 e - a +4 ring of protection (left hand)
 h - a +4 ring of evasion
 r - an amulet of the acrobat (around neck)
Scrolls
 c - 11 scrolls of identify
 i - a scroll of blinking {unknown}
Potions
 f - 5 potions of might
 k - 5 potions of resistance
 l - 6 potions of curing
 m - a potion of haste
 o - 4 potions of cancellation
 t - 2 potions of mutation

Dungeon Overview and Level Annotations

Branches:
Dungeon (15/15)            Temple (0/1) D:6            Lair (5/5) D:8
  Swamp (0/4) Lair:3       Spider (1/4) Lair:3        Slime (0/5) Lair:5
    Orc (2/2) D:11            Elf (0/3) Orc:2        Vaults (0/5) D:13
 Depths (0/4) D:15

Altars:
Ashenzari
Elyvilon
Fedhas
Makhleb
Uskayaw
Yredelemnul
The Shining One
Jiyva

Shops:
Orc:1 *(   Orc:2 [*([

Annotations:
D:15 2 transporters, Mic Tada's ghost, journeyman MiFi
Lair:5 1 runed translucent door


Message History

You feel yourself moving faster!
You feel mighty! The redback bites you! The redback barely misses you.
You slash the redback!
The redback is moderately wounded.
The redback barely misses you.
You slice the redback!!
You kill the redback!
Trog accepts your kill.
You hit the boulder beetle but do no damage.
The boulder beetle bites you.
You hit the boulder beetle but do no damage.
You headbutt the boulder beetle!
The boulder beetle is lightly wounded.
The jumping spider leaps!
You hit the boulder beetle but do no damage.
The boulder beetle is lightly wounded.
The boulder beetle barely misses you. You furiously retaliate!
You headbutt the boulder beetle, but do no damage.
You hit the boulder beetle but do no damage.
The boulder beetle is lightly wounded.
The jumping spider leaps!
You slash the boulder beetle!
The boulder beetle is moderately wounded.
The jumping spider leaps!
The boulder beetle leaps!
You are no longer corroded.
You see here a redback corpse.
You feel a strong urge to attack something.
You block the jumping spider's attack. x2
You slice the jumping spider!!
You kill the jumping spider!
Trog accepts your kill.
Found a wand of flame (9).
You feel a strong urge to attack something.
You are no longer berserk.
You are exhausted.
You feel yourself slow down.
You slice the steelbarb worm!!
The steelbarb worm is moderately wounded.
The steelbarb worm hits you!!
You die...

>.....s...# #...
....B....##.###....
.^.###...#../.##...
#......... #.^#
##........##.#
........##..#
#.........##.#
.......ws..%.###
##.....##@......#
#.......B#
#.......##.#
##......# ..#
#.......# ..#
##.....## ..
....... ##.......


You could see a boulder beetle, a steelbarb worm and a redback.

Vanquished Creatures
  Agnes (D:15)
  9 slime creatures
  3 emperor scorpions (Spider:1)
  A frost giant (D:15)
  Snorg (Orc:1)
  3 catoblepae
  Erolcha (D:9)
  4 hydras
  4 two-headed ogres
  A boulder beetle (D:12)
  A vault guard (D:13)
  2 ogre magi
  A deep troll shaman (Lair:5)
  4 centaur warriors
  7 tengu warriors
  15 death yaks
  Urug (Lair:3)
  An orc high priest (Orc:2)
  Amaemon (Lair:3)
  3 skeletal warriors (D:15)
  A bog body (Lair:3)
  5 orc knights
  A wizard (D:13)
  3 orc sorcerers
  A deep elf pyromancer (D:13)
  14 ugly things
  16 elephants
  A salamander (shapeshifter) (D:13)
  4 cyclopes
  10 black mambas
  An orange demon (Lair:3)
  11 cane toads
  A gargoyle (D:11)
  5 komodo dragons
  A kobold demonologist (D:13)
  A yaktaur (D:13)
  A freezing wraith (D:14)
  A tengu conjurer (D:14)
  An efreet (D:15)
  2 rime drakes (Lair:2)
  An unseen horror (D:12)
  5 trolls
  3 meliai (D:13)
  2 polar bears
  5 blink frogs (Lair:5)
  6 dream sheep (Lair:5)
  Sigmund (D:4)
  4 jumping spiders
  5 culicivoras
  A spriggan (Lair:3)
  3 basilisks
  45 yaks
  5 fire bats
  2 vampires
  A wraith (D:13)
  2 humans (D:13)
  3 steam dragons
  15 redbacks
  6 vampire mosquitoes
  Menkaure (D:4)
  5 water moccasins
  17 orc warriors
  3 black bears
  5 ice beasts (D:8)
  4 ogres
  16 centaurs
  17 wolves
  4 kobold brigands
  14 bullfrogs
  A gnoll sergeant (Orc:2)
  A necrophage (D:4)
  5 scorpions
  15 wights
  15 killer bees
  4 howler monkeys
  An electric eel (D:9)
  2 hounds
  2 jellies (D:6)
  22 orc priests
  3 iguanas
  Natasha (twice) (D:4)
  24 orc wizards
  2 centaur simulacra
  8 gnolls
  6 adders
  A white imp (D:8)
  An ufetubus (D:5)
  A worm (D:2)
  54 orcs
  2 ball pythons
  7 endoplasms
  5 giant cockroaches
  8 goblins
  10 hobgoblins
  2 jackals (D:2)
  23 kobolds
  7 quokkas
  6 bats
  2 frilled lizards
  5 rats
593 creatures vanquished.

Vanquished Creatures (collateral kills)
  A hydra (Lair:5)
  3 orc high priests (Orc:2)
  A culicivora (Spider:1)
  A water moccasin (Lair:4)
  5 wolves (Lair:4)
  6 orc priests (Orc:2)
  An orc (Orc:2)
18 creatures vanquished.

Vanquished Creatures (others)
  A butterfly (D:14)
  34 fungi
  42 plants
77 creatures vanquished.

Grand Total: 688 creatures vanquished

Notes
Turn   | Place    | Note
-------+----------+-------------------------------------------
     0 | D:1      | qw the Minotaur Berserker began the quest for the Orb.
     0 | D:1      | Reached XP level 1. HP: 19/19 MP: 0/0
     0 | D:1      | 0 ||| qw: Version: 0.1-a-119-g272c26d
     0 | D:1      | 0 ||| qw: Game counter: 11229
     0 | D:1      | 0 ||| qw: Always use a shield: true
     0 | D:1      | 0 ||| qw: Do Orc after D:15 true
     0 | D:1      | 0 ||| qw: Do second Lair branch before Depths: true
     0 | D:1      | 0 ||| qw: Lair rune preference: random
     0 | D:1      | 0 ||| qw: Plans: Normal
     0 | D:1      | 0 ||| PLANNING D:1-11
   138 | D:1      | 138 ||| INVOKING Berserk.
   321 | D:1      | 321 ||| SWAPPING to +0 war axe.
   322 | D:1      | 322 ||| DROPPING +0 hand axe.
   359 | D:1      | 359 ||| Stepping ~*~*~tactically~*~*~ (stealth).
   362 | D:1      | Reached XP level 2. HP: 24/26 MP: 1/1
   365 | D:1      | 365 ||| Stepping ~*~*~tactically~*~*~ (stealth).
   412 | D:1      | 412 ||| Stepping ~*~*~tactically~*~*~ (stealth).
   415 | D:1      | 415 ||| Stepping ~*~*~tactically~*~*~ (stealth).
   861 | D:1      | 861 ||| Stepping ~*~*~tactically~*~*~ (stealth).
  1137 | D:1      | 1137 ||| READING scroll labelled EGIAKLIRHUN.
  1138 | D:1      | 1138 ||| READING scroll labelled WEEFOE WOBAPS.
  1139 | D:1      | 1139 ||| DRINKING 2 red potions.
  1396 | D:2      | Reached XP level 3. HP: 31/31 MP: 2/2
  1507 | D:2      | 1507 ||| INVOKING Berserk.
  1632 | D:2      | Reached ** piety under Trog
  1988 | D:2      | 1988 ||| UPGRADING to +0 leather armour.
  1998 | D:2      | 1998 ||| DROPPING +0 animal skin.
  1999 | D:2      | 1999 ||| UPGRADING to +4 ring of protection.
  2000 | D:2      | 2000 ||| READING scroll labelled YWKIFAU KAMU.
  2005 | D:2      | 2005 ||| READING scroll labelled RAFREET YDUUM.
  2137 | D:3      | Reached XP level 4. HP: 39/39 MP: 3/3
  2139 | D:3      | 2139 ||| Stepping ~*~*~tactically~*~*~ (stealth).
  2140 | D:3      | 2140 ||| Stepping ~*~*~tactically~*~*~ (stealth).
  2145 | D:3      | Reached skill level 6 in Axes
  2257 | D:3      | 2257 ||| INVOKING Berserk.
  2265 | D:3      | Noticed a scorpion
  2272 | D:3      | HP: 9/39 [poisoned by a scorpion]
  2273 | D:3      | 2273 ||| DRINKING potion of heal wounds.
  2276 | D:3      | Killed a scorpion
  2277 | D:3      | Reached XP level 5. HP: 13/45 MP: 4/4
  2278 | D:3      | HP: 10/45 [poisoned by a scorpion]
  2628 | D:3      | Found a burning altar of Makhleb.
  2685 | D:3      | Identified the +6 long sword of the Beast {vorpal, Contam
                  | rC+ MP+9 SInv}
  2982 | D:3      | 2982 ||| UPGRADING to +1 scale mail of cold resistance.
  2992 | D:3      | 2992 ||| DROPPING +0 leather armour.
  2993 | D:3      | 2993 ||| UPGRADING to +0 plate armour.
  3003 | D:3      | 3003 ||| DROPPING +1 scale mail of cold resistance.
  3004 | D:3      | 3004 ||| READING 2 scrolls labelled WEGOPR BILOMOX.
  3005 | D:3      | 3005 ||| READING 2 scrolls labelled HEVUGI FEZXO.
  3006 | D:3      | 3006 ||| READING scroll labelled LEEGAL MIZU.
  3007 | D:3      | 3007 ||| DROPPING scroll of immolation.
  3073 | D:4      | 3073 ||| Stepping ~*~*~tactically~*~*~ (hiding).
  3074 | D:4      | 3074 ||| Stepping ~*~*~tactically~*~*~ (hiding).
  3345 | D:4      | Reached skill level 3 in Armour
  3345 | D:4      | Reached XP level 6. HP: 46/53 MP: 5/5
  3492 | D:4      | 3492 ||| Stepping ~*~*~tactically~*~*~ (stealth).
  3505 | D:4      | Found a hide-covered altar of Uskayaw.
  3506 | D:4      | Noticed Menkaure
  3510 | D:4      | 3510 ||| INVOKING Berserk.
  3513 | D:4      | Killed Menkaure
  3727 | D:4      | 3727 ||| Stepping ~*~*~tactically~*~*~ (stealth).
  3729 | D:4      | 3729 ||| Stepping ~*~*~tactically~*~*~ (stealth).
  3730 | D:4      | 3730 ||| Stepping ~*~*~tactically~*~*~ (stealth).
  3739 | D:4      | Reached skill level 9 in Axes
  3739 | D:4      | Reached XP level 7. HP: 60/60 MP: 6/6
  3773 | D:4      | Noticed Sigmund
  3773 | D:4      | Noticed Natasha
  3776 | D:4      | 3776 ||| INVOKING Berserk.
  3780 | D:4      | Killed Natasha
  3796 | D:4      | Killed Sigmund
  3797 | D:4      | Reached skill level 6 in Fighting
  4012 | D:4      | Identified the +1 ring mail of Rukek {rElec Int+2}
  4201 | D:4      | Found a broken altar of Ashenzari.
  4337 | D:4      | Noticed Natasha
  4341 | D:4      | 4341 ||| INVOKING Berserk.
  4343 | D:4      | Killed Natasha
  4544 | D:4      | 4544 ||| DRINKING 2 golden potions.
  4545 | D:4      | 4545 ||| DRINKING 2 clear potions.
  4546 | D:4      | 4546 ||| READING 4 scrolls of identify.
  4546 | D:4      | 4546 ||| IDENTIFYING murky sapphire potion
  4547 | D:4      | 4547 ||| READING 3 scrolls of identify.
  4547 | D:4      | 4547 ||| IDENTIFYING glowing silvery potion
  4548 | D:4      | 4548 ||| READING 2 scrolls of identify.
  4548 | D:4      | 4548 ||| IDENTIFYING amethyst potion
  4549 | D:4      | 4549 ||| DROPPING potion of flight.
  4550 | D:4      | 4550 ||| DROPPING potion of brilliance.
  4551 | D:4      | 4551 ||| DROPPING potion of lignification.
  4567 | D:5      | Entered Level 5 of the Dungeon
  4696 | D:5      | 4696 ||| Stepping ~*~*~tactically~*~*~ (hiding).
  4709 | D:5      | 4709 ||| FLEEEEING.
  4710 | D:5      | 4710 ||| FLEEEEING.
  4711 | D:5      | 4711 ||| FLEEEEING.
  4712 | D:5      | 4712 ||| FLEEEEING.
  4714 | D:5      | 4714 ||| FLEEEEING.
  4715 | D:5      | 4715 ||| FLEEEEING.
  4716 | D:5      | 4716 ||| FLEEEEING.
  4717 | D:5      | 4717 ||| FLEEEEING.
  4718 | D:5      | 4718 ||| FLEEEEING.
  4719 | D:5      | 4719 ||| FLEEEEING.
  4720 | D:5      | 4720 ||| FLEEEEING.
  4721 | D:5      | 4721 ||| FLEEEEING.
  4723 | D:5      | 4723 ||| FLEEEEING.
  4724 | D:5      | 4724 ||| FLEEEEING.
  4725 | D:5      | 4725 ||| FLEEEEING.
  4726 | D:5      | 4726 ||| FLEEEEING.
  4727 | D:5      | 4727 ||| FLEEEEING.
  4728 | D:5      | 4728 ||| FLEEEEING.
  4729 | D:5      | 4729 ||| FLEEEEING.
  4730 | D:5      | 4730 ||| FLEEEEING.
  4731 | D:5      | 4731 ||| FLEEEEING.
  4732 | D:5      | 4732 ||| FLEEEEING.
  4733 | D:5      | 4733 ||| FLEEEEING.
  4734 | D:5      | 4734 ||| STAIRDANCE
  4776 | D:4      | 4776 ||| READING 4 scrolls of identify.
  4776 | D:4      | 4776 ||| IDENTIFYING fizzy ruby potion
  4777 | D:4      | 4777 ||| DROPPING potion of attraction.
  4780 | D:5      | 4780 ||| STAIRDANCE
  5021 | D:5      | 5021 ||| Stepping ~*~*~tactically~*~*~ (stealth).
  5045 | D:5      | 5045 ||| DROPPING +0 mace.
  5254 | D:5      | Found a glowing golden altar of the Shining One.
  5262 | D:5      | Reached *** piety under Trog
  5263 | D:5      | Reached XP level 8. HP: 71/71 MP: 7/7
  5298 | D:5      | Reached skill level 1 in Throwing
  5599 | D:6      | 5599 ||| INVOKING Berserk.
  5864 | D:6      | Found a staircase to the Ecumenical Temple.
  5910 | D:6      | 5910 ||| Stepping ~*~*~tactically~*~*~ (stealth).
  5912 | D:6      | 5912 ||| Stepping ~*~*~tactically~*~*~ (hiding).
  6108 | D:6      | 6108 ||| READING scroll labelled WUOSUY TETORAE.
  6109 | D:6      | 6109 ||| DRINKING 2 bubbling amethyst potions.
  6109 | D:6      | Gained mutation: You occasionally lose the ability to drink
                  | potions when taking damage. [potion of mutation]
  6110 | D:6      | 6110 ||| DRINKING potion of mutation.
  6110 | D:6      | Lost mutation: You occasionally lose the ability to drink
                  | potions when taking damage. [potion of mutation]
  6110 | D:6      | Gained mutation: You are robust. (+10% HP) [potion of
                  | mutation]
  6110 | D:6      | Gained mutation: Your flesh is cold resistant. (rC+)
                  | [potion of mutation]
  6110 | D:6      | Gained mutation: You are clumsy. (Dex -2) [potion of
                  | mutation]
  6110 | D:6      | Gained mutation: You expend magic power (3 MP) to
                  | strengthen your wands. [potion of mutation]
  6332 | D:7      | 6332 ||| FLEEEEING.
  6333 | D:7      | 6333 ||| FLEEEEING.
  6335 | D:7      | 6335 ||| FLEEEEING.
  6336 | D:7      | 6336 ||| FLEEEEING.
  6337 | D:7      | 6337 ||| FLEEEEING.
  6338 | D:7      | 6338 ||| FLEEEEING.
  6342 | D:7      | 6342 ||| FLEEEEING.
  6515 | D:7      | 6515 ||| INVOKING Berserk.
  6701 | D:7      | 6701 ||| DROPPING +0 flail.
  6786 | D:7      | 6786 ||| INVOKING Berserk.
  6788 | D:7      | Reached skill level 12 in Axes
  6794 | D:7      | Reached XP level 9. HP: 85/85 MP: 8/8
  6894 | D:7      | 6894 ||| FLEEEEING.
  6895 | D:7      | 6895 ||| FLEEEEING.
  6896 | D:7      | 6896 ||| FLEEEEING.
  6897 | D:7      | 6897 ||| FLEEEEING.
  7003 | D:7      | 7003 ||| Stepping ~*~*~tactically~*~*~ (hiding).
  7006 | D:7      | 7006 ||| Stepping ~*~*~tactically~*~*~ (hiding).
  7007 | D:7      | 7007 ||| Stepping ~*~*~tactically~*~*~ (hiding).
  7008 | D:7      | 7008 ||| Stepping ~*~*~tactically~*~*~ (hiding).
  7009 | D:7      | 7009 ||| Stepping ~*~*~tactically~*~*~ (stealth).
  7010 | D:7      | 7010 ||| Stepping ~*~*~tactically~*~*~ (hiding).
  7011 | D:7      | 7011 ||| Stepping ~*~*~tactically~*~*~ (hiding).
  7177 | D:7      | 7177 ||| DRINKING 4 potions of curing.
  7177 | D:7      | 7177 ||| (to cure confusion)
  7586 | D:7      | 7586 ||| READING 7 scrolls of identify.
  7586 | D:7      | 7586 ||| IDENTIFYING fuming blue potion
  7587 | D:7      | 7587 ||| DROPPING potion of degeneration.
  7711 | D:8      | 7711 ||| INVOKING Berserk.
  7715 | D:8      | Reached skill level 3 in Throwing
  7778 | D:8      | Found a staircase to the Lair.
  7795 | D:8      | Noticed a polar bear
  7799 | D:8      | 7799 ||| INVOKING Berserk.
  7800 | D:8      | Killed a polar bear
  7811 | D:8      | Noticed a death yak
  7819 | D:8      | Reached skill level 6 in Armour
  7820 | D:8      | HP: 13/89 [death yak (18)]
  7821 | D:8      | 7821 ||| READING 7 scrolls of teleportation.
  7822 | D:8      | 7822 ||| DRINKING 2 potions of heal wounds.
  8057 | D:8      | 8057 ||| INVOKING Berserk.
  8217 | D:8      | 8217 ||| Stepping ~*~*~tactically~*~*~ (stealth).
  8223 | D:8      | 8223 ||| INVOKING Berserk.
  8229 | D:8      | Killed a death yak
  8230 | D:8      | Reached XP level 10. HP: 96/96 MP: 9/9
  8416 | D:8      | Found a basalt altar of Yredelemnul.
  8540 | D:8      | 8540 ||| Stepping ~*~*~tactically~*~*~ (hiding).
  8542 | D:8      | 8542 ||| Stepping ~*~*~tactically~*~*~ (hiding).
  8545 | D:8      | 8545 ||| INVOKING Berserk.
  8873 | D:8      | 8873 ||| PLANNING LAIR
  8873 | D:8      | 8873 ||| READING 6 scrolls of identify.
  8873 | D:8      | 8873 ||| IDENTIFYING cyan potion
  8917 | Lair:1   | Entered Level 1 of the Lair of Beasts
  8917 | Lair:1   | Noticed a cane toad
  8920 | Lair:1   | 8920 ||| INVOKING Berserk.
  8924 | Lair:1   | Killed a cane toad
  8925 | Lair:1   | Reached skill level 15 in Axes
  9039 | Lair:1   | 9039 ||| DROPPING +1 hand axe of electrocution.
  9041 | Lair:1   | 9041 ||| Stepping ~*~*~tactically~*~*~ (hiding).
  9269 | Lair:1   | Noticed a cane toad
  9273 | Lair:1   | Noticed a cane toad
  9275 | Lair:1   | 9275 ||| INVOKING Berserk.
  9278 | Lair:1   | Killed a cane toad
  9279 | Lair:1   | Reached skill level 9 in Fighting
  9282 | Lair:1   | Killed a cane toad
  9307 | Lair:1   | HP: 22/100 [yak (9)]
  9308 | Lair:1   | 9308 ||| READING 6 scrolls of teleportation.
  9309 | Lair:1   | 9309 ||| DRINKING potion of heal wounds.
  9827 | Lair:1   | 9827 ||| Stepping ~*~*~tactically~*~*~ (stealth).
  9828 | Lair:1   | 9828 ||| Stepping ~*~*~tactically~*~*~ (stealth).
  9846 | Lair:1   | Reached **** piety under Trog
 10239 | Lair:1   | 10239 ||| DROPPING amulet of magic regeneration.
 10275 | Lair:2   | Noticed a death yak
 10275 | Lair:2   | Noticed a death yak
 10278 | Lair:2   | 10278 ||| INVOKING Berserk.
 10278 | Lair:2   | Noticed a death yak
 10280 | Lair:2   | Noticed a death yak
 10282 | Lair:2   | Killed a death yak
 10282 | Lair:2   | Noticed a death yak
 10283 | Lair:2   | Reached XP level 11. HP: 108/108 MP: 10/10
 10283 | Lair:2   | Noticed a death yak
 10287 | Lair:2   | Killed a death yak
 10295 | Lair:2   | Killed a death yak
 10296 | Lair:2   | Killed a death yak
 10298 | Lair:2   | Killed a death yak
 10299 | Lair:2   | Reached skill level 9 in Armour
 10299 | Lair:2   | HP: 25/112 [death yak (7)]
 10300 | Lair:2   | 10300 ||| READING 5 scrolls of teleportation.
 10301 | Lair:2   | HP: 9/112 [death yak (5)]
 10303 | Lair:2   | Killed a death yak
 10304 | Lair:2   | Reached skill level 3 in Dodging
 10703 | Lair:2   | 10703 ||| INVOKING Berserk.
 10819 | Lair:2   | 10819 ||| INVOKING Berserk.
 11017 | Lair:2   | 11017 ||| Stepping ~*~*~tactically~*~*~ (hiding).
 11105 | Lair:2   | Reached skill level 12 in Fighting
 11182 | Lair:2   | 11182 ||| Stepping ~*~*~tactically~*~*~ (hiding).
 11201 | Lair:2   | 11201 ||| INVOKING Berserk.
 11392 | Lair:2   | 11392 ||| INVOKING Berserk.
 12038 | Lair:2   | 12038 ||| READING 3 scrolls labelled PIYPEX TEOKLI.
 12039 | Lair:2   | 12039 ||| READING scroll labelled ROYDYAPNITEB.
 12039 | Lair:2   | Identified a scroll of acquirement
 12039 | Lair:2   | 12039 ||| ACQUIRING +2 pair of boots of flying
 12039 | Lair:2   | Acquired a +2 pair of boots of flying
 12041 | Lair:2   | 12041 ||| UPGRADING to +2 pair of boots of flying.
 12046 | Lair:2   | 12046 ||| DRINKING 2 fizzy emerald potions.
 12151 | Lair:2   | 12151 ||| DROPPING 2 scrolls of fear.
 12152 | Lair:2   | 12152 ||| DROPPING potion of berserk rage.
 12183 | Lair:3   | Noticed Urug
 12184 | Lair:3   | 12184 ||| INVOKING Berserk.
 12190 | Lair:3   | 12190 ||| STAIRDANCE
 12351 | Lair:3   | 12351 ||| INVOKING Berserk.
 12373 | Lair:3   | HP: 28/115 [Urug/+4 glaive (4)]
 12374 | Lair:3   | 12374 ||| READING 4 scrolls of teleportation.
 12376 | Lair:3   | HP: 9/115 [Urug/+4 glaive (9)]
 12380 | Lair:3   | 12380 ||| READING 3 scrolls of teleportation.
 12383 | Lair:3   | HP: 10/115 [elephant (1)]
 12387 | Lair:3   | 12387 ||| READING 2 scrolls of teleportation.
 12478 | Lair:3   | 12478 ||| INVOKING Berserk.
 12501 | Lair:3   | HP: 27/116 [wolf (8)]
 12502 | Lair:3   | 12502 ||| READING scroll of teleportation.
 12505 | Lair:3   | HP: 13/117 [poisoned by a black mamba]
 12505 | Lair:3   | HP: 5/117 [wolf (8)]
 12507 | Lair:3   | 12507 ||| DRINKING 5 potions of curing.
 12507 | Lair:3   | 12507 ||| (to cure poison)
 12536 | Lair:3   | 12536 ||| FLEEEEING.
 12538 | Lair:3   | 12538 ||| STAIRDANCE
 12898 | Lair:3   | Noticed Amaemon
 12902 | Lair:3   | 12902 ||| INVOKING Berserk.
 12908 | Lair:3   | Killed Amaemon
 12917 | Lair:3   | Reached XP level 12. HP: 126/126 MP: 11/11
 13032 | Lair:3   | 13032 ||| FLEEEEING.
 13033 | Lair:3   | 13033 ||| FLEEEEING.
 13034 | Lair:3   | 13034 ||| FLEEEEING.
 13035 | Lair:3   | 13035 ||| FLEEEEING.
 13036 | Lair:3   | 13036 ||| FLEEEEING.
 13037 | Lair:3   | 13037 ||| FLEEEEING.
 13038 | Lair:3   | 13038 ||| FLEEEEING.
 13039 | Lair:3   | 13039 ||| FLEEEEING.
 13040 | Lair:3   | 13040 ||| STAIRDANCE
 13234 | Lair:3   | 13234 ||| DROPPING +0 morningstar.
 13292 | Lair:3   | 13292 ||| Stepping ~*~*~tactically~*~*~ (hiding).
 13296 | Lair:3   | 13296 ||| INVOKING Berserk.
 13304 | Lair:3   | Killed Urug
 13395 | Lair:3   | Found a staircase to the Swamp.
 13558 | Lair:3   | Noticed a death yak
 13559 | Lair:3   | 13559 ||| INVOKING Berserk.
 13572 | Lair:3   | Killed a death yak
 13811 | Lair:3   | 13811 ||| Stepping ~*~*~tactically~*~*~ (hiding).
 13924 | Lair:3   | 13924 ||| INVOKING Berserk.
 14220 | Lair:3   | 14220 ||| Stepping ~*~*~tactically~*~*~ (stealth).
 14229 | Lair:3   | Reached skill level 6 in Throwing
 14247 | Lair:3   | Found a hole to the Spider Nest.
 14360 | Lair:3   | 14360 ||| READING scroll labelled SEGAFI ZANK.
 14361 | Lair:3   | 14361 ||| READING 8 scrolls of identify.
 14361 | Lair:3   | 14361 ||| IDENTIFYING green potion
 14362 | Lair:3   | 14362 ||| DROPPING potion of ambrosia.
 14374 | Lair:4   | 14374 ||| INVOKING Berserk.
 14404 | Lair:4   | Noticed a five-headed hydra
 14405 | Lair:4   | 14405 ||| FLEEEEING.
 14407 | Lair:4   | 14407 ||| STAIRDANCE
 14546 | Lair:4   | 14546 ||| INVOKING Brothers in Arms.
 14547 | Lair:4   | 14547 ||| INVOKING Brothers in Arms.
 14548 | Lair:4   | 14548 ||| INVOKING Brothers in Arms.
 14549 | Lair:4   | 14549 ||| INVOKING Brothers in Arms.
 14550 | Lair:4   | 14550 ||| INVOKING Brothers in Arms.
 14551 | Lair:4   | 14551 ||| SWAPPING to -1 demon whip of venom.
 14552 | Lair:4   | 14552 ||| INVOKING Berserk.
 14553 | Lair:4   | Killed a five-headed hydra
 14554 | Lair:4   | Reached skill level 12 in Armour
 14558 | Lair:4   | 14558 ||| SWAPPING to +0 war axe.
 14560 | Lair:4   | Noticed a catoblepas
 14564 | Lair:4   | 14564 ||| Stepping ~*~*~tactically~*~*~ (cloud).
 14565 | Lair:4   | 14565 ||| Stepping ~*~*~tactically~*~*~ (cloud).
 14566 | Lair:4   | 14566 ||| Stepping ~*~*~tactically~*~*~ (cloud).
 14573 | Lair:4   | 14573 ||| Stepping ~*~*~tactically~*~*~ (cloud).
 14575 | Lair:4   | 14575 ||| Stepping ~*~*~tactically~*~*~ (cloud).
 14576 | Lair:4   | 14576 ||| Stepping ~*~*~tactically~*~*~ (cloud).
 14578 | Lair:4   | Killed a catoblepas
 14696 | Lair:4   | 14696 ||| FLEEEEING.
 14699 | Lair:4   | 14699 ||| FLEEEEING.
 14700 | Lair:4   | 14700 ||| FLEEEEING.
 14704 | Lair:4   | 14704 ||| STAIRDANCE
 14815 | Lair:4   | 14815 ||| STAIRDANCE
 14823 | Lair:3   | Reached skill level 15 in Fighting
 14831 | Lair:4   | 14831 ||| STAIRDANCE
 15050 | Lair:4   | Noticed a death yak
 15051 | Lair:4   | 15051 ||| Stepping ~*~*~tactically~*~*~ (stealth).
 15055 | Lair:4   | 15055 ||| INVOKING Berserk.
 15061 | Lair:4   | Killed a death yak
 15147 | Lair:4   | 15147 ||| INVOKING Berserk.
 15151 | Lair:4   | Reached XP level 13. HP: 138/138 MP: 12/12
 15292 | Lair:4   | 15292 ||| INVOKING Berserk.
 15569 | Lair:4   | 15569 ||| Stepping ~*~*~tactically~*~*~ (stealth).
 15571 | Lair:4   | 15571 ||| Stepping ~*~*~tactically~*~*~ (stealth).
 16010 | Lair:4   | 16010 ||| Stepping ~*~*~tactically~*~*~ (hiding).
 16168 | Lair:4   | 16168 ||| READING 2 scrolls labelled ZETOOT PUOMOG.
 16373 | Lair:4   | 16373 ||| DROPPING scroll of torment.
 16409 | Lair:5   | Entered Level 5 of the Lair of Beasts
 16413 | Lair:5   | 16413 ||| STAIRDANCE
 16443 | Lair:5   | 16443 ||| INVOKING Berserk.
 16474 | Lair:5   | 16474 ||| STAIRDANCE
 16610 | Lair:5   | 16610 ||| FLEEEEING.
 16611 | Lair:5   | 16611 ||| FLEEEEING.
 16617 | Lair:5   | 16617 ||| STAIRDANCE
 16761 | Lair:5   | 16761 ||| Stepping ~*~*~tactically~*~*~ (cloud).
 16765 | Lair:5   | 16765 ||| INVOKING Berserk.
 17111 | Lair:5   | Identified the +1 leather armour of Dishonour {Str-2 Int+3
                  | SInv}
 17144 | Lair:5   | 17144 ||| INVOKING Brothers in Arms.
 17145 | Lair:5   | 17145 ||| INVOKING Brothers in Arms.
 17147 | Lair:5   | 17147 ||| SWAPPING to -1 demon whip of venom.
 17148 | Lair:5   | 17148 ||| INVOKING Berserk.
 17179 | Lair:5   | 17179 ||| SWAPPING to +0 war axe.
 17311 | Lair:5   | 17311 ||| INVOKING Berserk.
 17574 | Lair:5   | Found the +3 giant club "Skullcrusher" {speed, Str+7}
 17637 | Lair:5   | 17637 ||| Stepping ~*~*~tactically~*~*~ (stealth).
 17700 | Lair:5   | Found a runed translucent door.
 17701 | Lair:5   | Found a viscous altar of Jiyva.
 17701 | Lair:5   | Noticed an azure jelly
 17702 | Lair:5   | Noticed an azure jelly
 17706 | Lair:5   | Found a staircase to the Slime Pits.
 17706 | Lair:5   | Noticed an azure jelly
 17711 | Lair:5   | 17711 ||| INVOKING Berserk.
 17738 | Lair:5   | 17738 ||| FLEEEEING.
 17740 | Lair:5   | 17740 ||| STAIRDANCE
 17783 | Lair:4   | 17783 ||| READING scroll labelled ROMIEL FEDEC.
 17899 | Lair:5   | 17899 ||| Stepping ~*~*~tactically~*~*~ (stealth).
 17977 | Lair:5   | 17977 ||| INVOKING Berserk.
 17990 | Lair:5   | 17990 ||| INVOKING Brothers in Arms.
 17991 | Lair:5   | 17991 ||| INVOKING Brothers in Arms.
 17992 | Lair:5   | 17992 ||| Stepping ~*~*~tactically~*~*~ (cloud).
 17993 | Lair:5   | HP: 36/145 [death yak (9)]
 17994 | Lair:5   | 17994 ||| READING scroll of teleportation.
 17995 | Lair:5   | 17995 ||| DRINKING potion of heal wounds.
 17996 | Lair:5   | 17996 ||| Stepping ~*~*~tactically~*~*~ (cloud).
 18269 | Lair:5   | 18269 ||| Stepping ~*~*~tactically~*~*~ (stealth).
 18325 | Lair:5   | 18325 ||| INVOKING Berserk.
 18447 | Lair:5   | 18447 ||| INVOKING Brothers in Arms.
 18449 | Lair:5   | 18449 ||| INVOKING Brothers in Arms.
 18450 | Lair:5   | 18450 ||| INVOKING Brothers in Arms.
 18451 | Lair:5   | 18451 ||| INVOKING Brothers in Arms.
 18452 | Lair:5   | 18452 ||| INVOKING Brothers in Arms.
 18453 | Lair:5   | 18453 ||| INVOKING Brothers in Arms.
 18454 | Lair:5   | 18454 ||| INVOKING Brothers in Arms.
 18455 | Lair:5   | 18455 ||| INVOKING Brothers in Arms.
 18456 | Lair:5   | 18456 ||| SWAPPING to -1 demon whip of venom.
 18457 | Lair:5   | 18457 ||| INVOKING Berserk.
 18507 | Lair:5   | 18507 ||| SWAPPING to +1 war axe.
 18520 | Lair:5   | Identified the ring of Fiho {Drain Fly rPois rN+++ Dex+6}
 18679 | Lair:5   | 18679 ||| PLANNING D:1-11
 18679 | Lair:5   | 18679 ||| UPGRADING to ring of Fiho {Drain Fly rPois rN+++
                  | Dex+6}.
 18680 | Lair:5   | 18680 ||| READING 10 scrolls of identify.
 18680 | Lair:5   | 18680 ||| IDENTIFYING fizzy green potion
 18681 | Lair:5   | 18681 ||| READING 9 scrolls of identify.
 18681 | Lair:5   | 18681 ||| IDENTIFYING fuming green potion
 19119 | D:9      | 19119 ||| Stepping ~*~*~tactically~*~*~ (stealth).
 19125 | D:9      | Reached XP level 14. HP: 154/154 MP: 13/13
 19190 | D:9      | 19190 ||| READING scroll of enchant armour.
 19190 | D:9      | 19190 ||| ENCHANTING +0 plate armour.
 19197 | D:9      | 19197 ||| READING scroll of enchant armour.
 19197 | D:9      | 19197 ||| ENCHANTING +1 plate armour.
 19271 | D:9      | Reached skill level 6 in Dodging
 19300 | D:9      | Noticed Erolcha
 19301 | D:9      | 19301 ||| INVOKING Trog's Hand.
 19304 | D:9      | 19304 ||| INVOKING Berserk.
 19309 | D:9      | Killed Erolcha
 19636 | D:9      | 19636 ||| DROPPING +3 scale mail of fire resistance.
 19637 | D:9      | 19637 ||| DROPPING ring of willpower.
 19670 | D:10     | Entered Level 10 of the Dungeon
 19703 | D:10     | Found a blossoming altar of Fedhas.
 19763 | D:10     | 19763 ||| Stepping ~*~*~tactically~*~*~ (hiding).
 19786 | D:10     | 19786 ||| Stepping ~*~*~tactically~*~*~ (stealth).
 19921 | D:10     | 19921 ||| Stepping ~*~*~tactically~*~*~ (stealth).
 19925 | D:10     | 19925 ||| Stepping ~*~*~tactically~*~*~ (stealth).
 20014 | D:10     | 20014 ||| Stepping ~*~*~tactically~*~*~ (stealth).
 20016 | D:10     | 20016 ||| Stepping ~*~*~tactically~*~*~ (stealth).
 20574 | D:10     | 20574 ||| DROPPING ring of ice.
 20607 | D:11     | 20607 ||| Stepping ~*~*~tactically~*~*~ (stealth).
 20629 | D:11     | Found a staircase to the Orcish Mines.
 20660 | D:11     | 20660 ||| Stepping ~*~*~tactically~*~*~ (hiding).
 20663 | D:11     | 20663 ||| Stepping ~*~*~tactically~*~*~ (hiding).
 20997 | D:11     | 20997 ||| Stepping ~*~*~tactically~*~*~ (stealth).
 21173 | D:11     | 21173 ||| Stepping ~*~*~tactically~*~*~ (stealth).
 21410 | D:11     | 21410 ||| PLANNING D
 21410 | D:11     | 21410 ||| UPGRADING to amulet of the acrobat.
 21415 | D:11     | 21415 ||| READING scroll labelled ENICHO HATARAX.
 21462 | D:12     | 21462 ||| Stepping randomly (disturbance).
 21533 | D:12     | 21533 ||| Stepping ~*~*~tactically~*~*~ (stealth).
 21537 | D:12     | 21537 ||| Stepping ~*~*~tactically~*~*~ (stealth).
 21542 | D:12     | 21542 ||| Stepping ~*~*~tactically~*~*~ (stealth).
 21683 | D:12     | 21683 ||| Stepping ~*~*~tactically~*~*~ (hiding).
 21936 | D:12     | 21936 ||| INVOKING Berserk.
 22187 | D:12     | 22187 ||| READING scroll labelled FUCZEN OLOID.
 22229 | D:13     | 22229 ||| INVOKING Berserk.
 22233 | D:13     | Reached skill level 18 in Fighting
 22346 | D:13     | 22346 ||| INVOKING Trog's Hand.
 22347 | D:13     | 22347 ||| INVOKING Berserk.
 22365 | D:13     | 22365 ||| Stepping ~*~*~tactically~*~*~ (hiding).
 22369 | D:13     | 22369 ||| INVOKING Trog's Hand.
 22705 | D:13     | Found a gate to the Vaults.
 22706 | D:13     | 22706 ||| INVOKING Berserk.
 22712 | D:13     | Reached skill level 9 in Dodging
 22840 | D:13     | 22840 ||| SWAPPING to +0 broad axe.
 22841 | D:13     | 22841 ||| DROPPING +1 war axe.
 22854 | D:13     | 22854 ||| INVOKING Brothers in Arms.
 22855 | D:13     | 22855 ||| INVOKING Berserk.
 23008 | D:13     | 23008 ||| Stepping ~*~*~tactically~*~*~ (hiding).
 23160 | D:13     | 23160 ||| Stepping ~*~*~tactically~*~*~ (hiding).
 23310 | D:13     | 23310 ||| Stepping ~*~*~tactically~*~*~ (stealth).
 23312 | D:13     | 23312 ||| Stepping ~*~*~tactically~*~*~ (stealth).
 23318 | D:13     | 23318 ||| Stepping ~*~*~tactically~*~*~ (stealth).
 23320 | D:13     | 23320 ||| Stepping ~*~*~tactically~*~*~ (hiding).
 23507 | D:13     | 23507 ||| Stepping ~*~*~tactically~*~*~ (stealth).
 23512 | D:13     | 23512 ||| INVOKING Berserk.
 23869 | D:13     | 23869 ||| UPGRADING to +0 kite shield.
 23894 | D:14     | 23894 ||| STAIRDANCE
 23899 | D:13     | Reached skill level 1 in Shields
 23952 | D:14     | 23952 ||| STAIRDANCE
 23959 | D:13     | Reached skill level 3 in Shields
 23961 | D:13     | 23961 ||| READING 2 scrolls of teleportation.
 23962 | D:13     | 23962 ||| INVOKING Berserk.
 24044 | D:13     | 24044 ||| FLEEEEING.
 24045 | D:13     | 24045 ||| FLEEEEING.
 24046 | D:13     | 24046 ||| FLEEEEING.
 24047 | D:13     | 24047 ||| INVOKING Berserk.
 24074 | D:13     | 24074 ||| Stepping ~*~*~tactically~*~*~ (stealth).
 24099 | D:13     | 24099 ||| FLEEEEING.
 24100 | D:13     | 24100 ||| FLEEEEING.
 24101 | D:13     | 24101 ||| FLEEEEING.
 24106 | D:13     | 24106 ||| FLEEEEING.
 24107 | D:13     | 24107 ||| FLEEEEING.
 24108 | D:13     | 24108 ||| FLEEEEING.
 24109 | D:13     | 24109 ||| FLEEEEING.
 24111 | D:13     | 24111 ||| FLEEEEING.
 24112 | D:13     | 24112 ||| FLEEEEING.
 24113 | D:13     | 24113 ||| FLEEEEING.
 24114 | D:13     | 24114 ||| FLEEEEING.
 24115 | D:13     | 24115 ||| FLEEEEING.
 24116 | D:13     | 24116 ||| FLEEEEING.
 24119 | D:13     | 24119 ||| FLEEEEING.
 24120 | D:13     | 24120 ||| STAIRDANCE
 24409 | D:14     | 24409 ||| Stepping ~*~*~tactically~*~*~ (stealth).
 24494 | D:14     | Found a white marble altar of Elyvilon.
 24869 | D:14     | 24869 ||| Stepping ~*~*~tactically~*~*~ (stealth).
 24873 | D:14     | 24873 ||| Stepping ~*~*~tactically~*~*~ (stealth).
 24875 | D:14     | 24875 ||| Stepping ~*~*~tactically~*~*~ (stealth).
 24884 | D:14     | Reached skill level 6 in Shields
 24886 | D:14     | 24886 ||| INVOKING Berserk.
 24891 | D:14     | HP: 56/235 [red ugly thing (7)]
 25281 | D:14     | 25281 ||| INVOKING Berserk.
 25415 | D:14     | 25415 ||| READING scroll of enchant weapon.
 25415 | D:14     | 25415 ||| ENCHANTING +0 broad axe.
 25819 | D:14     | 25819 ||| READING scroll of enchant armour.
 25819 | D:14     | 25819 ||| ENCHANTING +2 plate armour.
 25976 | D:15     | Entered Level 15 of the Dungeon
 25976 | D:15     | Found a transporter.
 25979 | D:15     | 25979 ||| Stepping ~*~*~tactically~*~*~ (stealth).
 25980 | D:15     | 25980 ||| Stepping ~*~*~tactically~*~*~ (stealth).
 25981 | D:15     | 25981 ||| Stepping ~*~*~tactically~*~*~ (stealth).
 26001 | D:15     | Noticed an orc warlord
 26003 | D:15     | Noticed a tentacled starspawn
 26007 | D:15     | Found a one-way gate to the infinite horrors of the Abyss.
 26007 | D:15     | Noticed Mic Tada's ghost (journeyman MiFi)
 26008 | D:15     | Noticed a tentacled starspawn
 26009 | D:15     | Noticed a profane servitor
 26022 | D:15     | Found a transporter.
 26188 | D:15     | 26188 ||| Stepping ~*~*~tactically~*~*~ (hiding).
 26197 | D:15     | Reached skill level 9 in Shields
 26197 | D:15     | Reached XP level 15. HP: 152/163 MP: 14/14
 26232 | D:15     | 26232 ||| FLEEEEING.
 26233 | D:15     | 26233 ||| FLEEEEING.
 26234 | D:15     | 26234 ||| FLEEEEING.
 26235 | D:15     | 26235 ||| FLEEEEING.
 26236 | D:15     | 26236 ||| FLEEEEING.
 26243 | D:15     | 26243 ||| FLEEEEING.
 26244 | D:15     | 26244 ||| FLEEEEING.
 26245 | D:15     | 26245 ||| FLEEEEING.
 26251 | D:15     | 26251 ||| FLEEEEING.
 26252 | D:15     | 26252 ||| FLEEEEING.
 26253 | D:15     | 26253 ||| FLEEEEING.
 26254 | D:15     | 26254 ||| FLEEEEING.
 26255 | D:15     | 26255 ||| FLEEEEING.
 26256 | D:15     | 26256 ||| FLEEEEING.
 26257 | D:15     | 26257 ||| FLEEEEING.
 26258 | D:15     | 26258 ||| FLEEEEING.
 26259 | D:15     | 26259 ||| FLEEEEING.
 26265 | D:15     | 26265 ||| INVOKING Trog's Hand.
 26267 | D:15     | 26267 ||| INVOKING Berserk.
 26422 | D:15     | 26422 ||| FLEEEEING.
 26469 | D:15     | 26469 ||| Stepping ~*~*~tactically~*~*~ (stealth).
 26470 | D:15     | 26470 ||| Stepping ~*~*~tactically~*~*~ (stealth).
 26589 | D:15     | Found a blossoming altar of Fedhas.
 26756 | D:15     | Noticed Agnes
 26759 | D:15     | 26759 ||| INVOKING Berserk.
 26766 | D:15     | Killed Agnes
 26922 | D:15     | 26922 ||| INVOKING Berserk.
 27072 | D:15     | 27072 ||| Stepping ~*~*~tactically~*~*~ (stealth).
 27074 | D:15     | 27074 ||| Stepping ~*~*~tactically~*~*~ (hiding).
 27082 | D:15     | 27082 ||| Stepping ~*~*~tactically~*~*~ (hiding).
 27437 | D:15     | 27437 ||| Stepping ~*~*~tactically~*~*~ (hiding).
 27450 | D:15     | Found a staircase to the Depths.
 27450 | D:15     | Noticed a frost giant
 27460 | D:15     | Killed a frost giant
 27602 | D:15     | 27602 ||| PLANNING ORC
 27602 | D:15     | 27602 ||| DROPPING ring of protection from cold.
 27603 | D:15     | 27603 ||| READING 12 scrolls of identify.
 27603 | D:15     | 27603 ||| IDENTIFYING bubbling brown potion
 27604 | D:15     | 27604 ||| DROPPING potion of magic.
 27743 | Orc:1    | Entered Level 1 of the Orcish Mines
 27783 | Orc:1    | Noticed Snorg
 27789 | Orc:1    | 27789 ||| INVOKING Berserk.
 27790 | Orc:1    | Killed Snorg
 28054 | Orc:1    | 28054 ||| Stepping ~*~*~tactically~*~*~ (hiding).
 28058 | Orc:1    | 28058 ||| INVOKING Trog's Hand.
 28066 | Orc:1    | 28066 ||| INVOKING Berserk.
 28196 | Orc:1    | Found Aroklocu's Weapon Boutique.
 28314 | Orc:2    | Entered Level 2 of the Orcish Mines
 28337 | Orc:2    | Reached ***** piety under Trog
 28439 | Orc:2    | 28439 ||| Stepping ~*~*~tactically~*~*~ (stealth).
 28440 | Orc:2    | 28440 ||| Stepping ~*~*~tactically~*~*~ (stealth).
 28441 | Orc:2    | 28441 ||| Stepping ~*~*~tactically~*~*~ (stealth).
 28442 | Orc:2    | 28442 ||| Stepping ~*~*~tactically~*~*~ (stealth).
 28443 | Orc:2    | 28443 ||| Stepping ~*~*~tactically~*~*~ (stealth).
 28444 | Orc:2    | 28444 ||| Stepping ~*~*~tactically~*~*~ (stealth).
 28468 | Orc:2    | 28468 ||| FLEEEEING.
 28469 | Orc:2    | 28469 ||| FLEEEEING.
 28470 | Orc:2    | 28470 ||| FLEEEEING.
 28471 | Orc:2    | 28471 ||| FLEEEEING.
 28472 | Orc:2    | 28472 ||| FLEEEEING.
 28473 | Orc:2    | 28473 ||| FLEEEEING.
 28473 | Orc:2    | Found a staircase to the Elven Halls.
 28492 | Orc:2    | 28492 ||| Stepping ~*~*~tactically~*~*~ (hiding).
 28502 | Orc:2    | 28502 ||| INVOKING Trog's Hand.
 28505 | Orc:2    | 28505 ||| INVOKING Berserk.
 28534 | Orc:2    | 28534 ||| INVOKING Brothers in Arms.
 28550 | Orc:2    | Found Poixis's Antique Armour Emporium.
 28550 | Orc:2    | Found Ubread's Armour Shoppe.
 28550 | Orc:2    | Found Ruav's Antique Weapon Shoppe.
 28562 | Orc:2    | Found Zuzxaaw's Assorted Antiques.
 28564 | Orc:2    | 28564 ||| INVOKING Brothers in Arms.
 28565 | Orc:2    | 28565 ||| INVOKING Berserk.
 28570 | Orc:2    | Reached skill level 18 in Axes
 28845 | Orc:2    | 28845 ||| Stepping ~*~*~tactically~*~*~ (stealth).
 28865 | Orc:2    | 28865 ||| BUYING +0 cloak (67 gold).
 28865 | Orc:2    | Bought a +0 cloak for 67 gold pieces
 28866 | Orc:2    | 28866 ||| Stepping ~*~*~tactically~*~*~ (hiding).
 28867 | Orc:2    | 28867 ||| BUYING runed plate armour (858 gold).
 28867 | Orc:2    | Bought a runed plate armour for 858 gold pieces
 28867 | Orc:2    | 28867 ||| BUYING smoking chain mail (313 gold).
 28867 | Orc:2    | Bought a smoking chain mail for 313 gold pieces
 28867 | Orc:2    | Identified the +1 chain mail of an ice cave {Contam Will++}
                  | (You bought it in a shop on level 2 of the Orcish Mines)
 28877 | Orc:2    | 28877 ||| UPGRADING to +0 cloak.
 28882 | Orc:2    | 28882 ||| DROPPING +1 chain mail of an ice cave {Contam
                  | Will++}.
 28889 | Orc:2    | 28889 ||| SHOPLISTING dazzling plate armour (868 gold, have
                  | 368).
 28889 | Orc:2    | 28889 ||| BUYING potion of curing (93 gold).
 28889 | Orc:2    | Bought a potion of curing for 93 gold pieces
 28889 | Orc:2    | 28889 ||| BUYING potion of mutation (248 gold).
 28889 | Orc:2    | Bought a potion of mutation for 248 gold pieces
 28889 | Orc:2    | 28889 ||| SHOPLISTING runed plate armour (806 gold, have
                  | 27).
 28899 | Orc:2    | 28899 ||| Stepping ~*~*~tactically~*~*~ (stealth).
 28901 | Orc:2    | 28901 ||| Stepping ~*~*~tactically~*~*~ (hiding).
 28981 | Orc:2    | 28981 ||| Stepping ~*~*~tactically~*~*~ (hiding).
 28983 | Orc:2    | 28983 ||| Stepping ~*~*~tactically~*~*~ (hiding).
 28984 | Orc:2    | 28984 ||| INVOKING Trog's Hand.
 28985 | Orc:2    | 28985 ||| INVOKING Berserk.
 29020 | Orc:2    | 29020 ||| FLEEEEING.
 29027 | Orc:2    | 29027 ||| STAIRDANCE
 29230 | Orc:2    | 29230 ||| Stepping ~*~*~tactically~*~*~ (stealth).
 29232 | Orc:2    | 29232 ||| Stepping ~*~*~tactically~*~*~ (hiding).
 29233 | Orc:2    | 29233 ||| Stepping ~*~*~tactically~*~*~ (hiding).
 29260 | Orc:2    | 29260 ||| Stepping ~*~*~tactically~*~*~ (hiding).
 29269 | Orc:2    | 29269 ||| Stepping ~*~*~tactically~*~*~ (hiding).
 29533 | Orc:1    | Found Huna's Mass Market.
 29537 | Orc:1    | 29537 ||| BUYING +0 tower shield (67 gold).
 29537 | Orc:1    | Bought a +0 tower shield for 67 gold pieces
 29556 | Orc:1    | 29556 ||| PLANNING SPIDER:1-3
 29556 | Orc:1    | 29556 ||| UPGRADING to +0 tower shield.
 29566 | Orc:1    | 29566 ||| DROPPING +0 kite shield.
 29762 | Spider:1 | Entered Level 1 of the Spider Nest
 29777 | Spider:1 | 29777 ||| Stepping ~*~*~tactically~*~*~ (stealth).
 30181 | Spider:1 | Noticed an emperor scorpion
 30182 | Spider:1 | Noticed an emperor scorpion
 30183 | Spider:1 | 30183 ||| Stepping ~*~*~tactically~*~*~ (stealth).
 30184 | Spider:1 | Noticed an emperor scorpion
 30185 | Spider:1 | 30185 ||| INVOKING Berserk.
 30190 | Spider:1 | Killed an emperor scorpion
 30193 | Spider:1 | Noticed an emperor scorpion
 30196 | Spider:1 | Noticed an emperor scorpion
 30199 | Spider:1 | Killed an emperor scorpion
 30200 | Spider:1 | Reached skill level 12 in Shields
 30213 | Spider:1 | Killed an emperor scorpion
 30215 | Spider:1 | HP: 29/163 [emperor scorpion (18)]
 30216 | Spider:1 | 30216 ||| READING 4 scrolls of teleportation.
 30217 | Spider:1 | 30217 ||| DRINKING 3 potions of heal wounds.
 30219 | Spider:1 | 30219 ||| INVOKING Brothers in Arms.
 30225 | Spider:1 | HP: 36/163 [entropy weaver (6)]
 30226 | Spider:1 | 30226 ||| READING 3 scrolls of teleportation.
 30226 | Spider:1 | HP: 7/163 [disintegration (30)]
 30226 | Spider:1 | HP: 3/163 [entropy weaver (3)]
 30227 | Spider:1 | 30227 ||| DRINKING 2 potions of heal wounds.
 30228 | Spider:1 | 30228 ||| DRINKING potion of heal wounds.
 30234 | Spider:1 | HP: 26/163 [jorogumo (17)]
 30235 | Spider:1 | 30235 ||| READING 2 scrolls of teleportation.
 30238 | Spider:1 | 30238 ||| READING scroll of teleportation.
 30240 | Spider:1 | HP: 17/163 [redback (1)]
 30244 | Spider:1 | 30244 ||| Stepping ~*~*~tactically~*~*~ (stealth).
 30248 | Spider:1 | HP: 15/163 [redback (5)]
 30250 | Spider:1 | 30250 ||| INVOKING Berserk.
 30253 | Spider:1 | HP: 12/244 [boulder beetle (5)]
 30263 | Spider:1 | Mangled by a steelbarb worm

Levels and vault maps discovered:
D:1:      psy_arrival_radial01, layout_basic, serial_aquarium,
          aquarium_bridge_square [aquarium_subvault_bridge,
          aquarium_subvault_bridge, aquarium_subvault_balcony,
          aquarium_subvault_balcony], aquarium_window_1, aquarium_window_3,
          aquarium_view_2e, aquarium_balcony_double_2, kennysheep_doodads
D:2:      layout_basic, wad_floor_pattern_1
D:3:      layout_basic, amcnicky_altar_gilded, minmay_fractal_squares_diagonal_5
D:4:      layout_basic, general_overflow_altar,
          nicolae_uskayaw_murder_on_the_dancefloor, kennysheep_generic_room_7,
          uniq_sigmund, uniq_menkaure, uniq_natasha
D:5:      layout_basic, mainiacjoe_overflow_concentric_impassable
D:6:      layout_loops_cross, minmay_temple_entry_mist
D:7:      layout_basic, enter_bailey_3
D:8:      layout_gridville, mainiacjoe_overflow_surrounded_room,
          dpeg_oklobed_lair, serial_ice, serial_ice_b, serial_ice_n,
          serial_ice_k, serial_ice_h
D:9:      layout_roguey, serial_bayou, serial_bayou_pond_e,
          serial_bayou_lagoon_a, serial_bayou_pond_a, serial_bayou_crossing,
          serial_bayou_pond_e, kennysheep_generic_room_13, uniq_erolcha
D:10:     layout_cave_pods, nicolae_overflow_crystal_walls, kennysheep_diamond,
          lightli_corner_chamber
D:11:     layout_roguey
D:12:     layout_cross
D:13:     layout_loops_ring, grunt_vaults_entry_fortified
D:14:     layout_cave_pods, minmay_fountain_box, nicolae_elyvilon_peaceful_grove
D:15:     grunt_enter_depths_snipers, layout_grid_maze,
          gammafunk_ghost_abyssal_escape, fedhas_altar_4, uniq_agnes
Lair:1:   layout_loops_ring, grunt_megastairs_1, serial_bayou_shore_b,
          infiniplex_staircase_pool_2
Lair:2:   layout_regular_city, nicolae_volcano_entry_batcave
Lair:3:   layout_cave_shapes, skrybe_swamp_entry_bodies,
          nicolae_spider_entry_tight_spaces, grunt_forest_large_clearing_hut,
          uniq_amaemon, uniq_urug
Lair:4:   layout_gridlike, beast_lair_carwin_7
Lair:5:   grunt_lair_end_beastmaster, layout_misc_corridors, slime_entry_2
Spider:1: layout_spider_delve, nicolae_spider_scorpion_nest
Orc:1:    layout_diamond_mine, serial_shops, shop, minmay_shop_mass,
          mines2_lemuel, uniq_snorg
Orc:2:    st_orc_mages, layout_caves

Skill      XL: |  1  2  3  4  5  6  7  8  9 10 11 12 13 14 15 |
---------------+----------------------------------------------+-----
Axes           | 4 5 7 9 10 12 14 16 18 | 18.0
Fighting       | 4 6 8 10 13 15 17 18 | 18.0
Armour         | 3 5 6 7 11 12 14 | 14.1
Throwing       | 2 3 6 8 |  8.1
Dodging        | 3 4 5 9 |  9.0
Shields        | 9 12 | 12.5

Action                   |  1- 3 |  4- 6 |  7- 9 | 10-12 | 13-15 || total
-------------------------+-------+-------+-------+-------+-------++-------
Melee: Hand axe          |    11 |       |       |       |       ||    11
       War axe           |    64 |    73 |   219 |   397 |   433 ||  1186
       Headbutt          |     9 |    14 |    35 |    93 |   228 ||   379
       Punch             |       |       |     1 |     5 |     7 ||    13
       Demon whip        |       |       |       |     1 |     5 ||     6
       Broad axe         |       |       |       |       |   484 ||   484
Throw: Boomerang         |       |     1 |    29 |    62 |    98 ||   190
       Javelin           |       |       |    19 |    16 |    72 ||   107
Invok: Berserk           |     2 |     2 |     9 |    19 |    30 ||    62
       Brothers in Arms  |       |       |       |     1 |     6 ||     7
       Trog's Hand       |       |       |       |       |     7 ||     7
  Use: Scroll            |     4 |     3 |     7 |    11 |    17 ||    42
       Potion            |     1 |     1 |     6 |     3 |     4 ||    15
 Stab: Petrified         |       |       |       |     1 |       ||     1
       Distracted        |       |       |       |       |     1 ||     1
Armor: Animal skin       |    15 |       |       |       |       ||    15
       Leather armour    |     1 |    19 |       |       |       ||    20
       Plate armour      |       |    21 |   120 |   290 |   600 ||  1031
Dodge: Dodged            |    47 |    33 |    59 |   155 |   416 ||   710
Block: Kite shield       |       |       |       |       |   183 ||   183
       Tower shield      |       |       |       |       |   125 ||   125

Table legend:
 A = Non-vault XP
 B = Vault XP
 C = Vault XP percentage of total XP
 D = Non-vault monster count
 E = Vault monster count
 F = Vault count percentage of total count
                 A         B        C        D         E       F
            +---------+---------+-------+---------+---------+-------
      Total |   92549 |   42618 |  31.5 |     478 |     133 |  21.8
            +---------+---------+-------+---------+---------+-------
        D:1 |      26 |       0 |   0.0 |      16 |       0 |   0.0
        D:2 |      67 |       0 |   0.0 |      22 |       0 |   0.0
        D:3 |      93 |      88 |  48.6 |      17 |       5 |  22.7
        D:4 |     318 |     531 |  62.5 |      12 |       5 |  29.4
        D:5 |     437 |       0 |   0.0 |      15 |       0 |   0.0
        D:6 |     411 |       0 |   0.0 |       9 |       0 |   0.0
        D:7 |    1333 |       8 |   0.6 |      28 |       4 |  12.5
        D:8 |     847 |    2303 |  73.1 |      23 |      11 |  32.4
        D:9 |    2338 |     976 |  29.5 |      27 |       2 |   6.9
       D:10 |    2474 |     213 |   7.9 |      22 |       2 |   8.3
       D:11 |    2880 |       0 |   0.0 |      21 |       0 |   0.0
       D:12 |    2739 |       0 |   0.0 |      11 |       0 |   0.0
       D:13 |    8774 |    5653 |  39.2 |      21 |      10 |  32.3
       D:14 |   10100 |       0 |   0.0 |      26 |       0 |   0.0
       D:15 |   12766 |    4200 |  24.8 |      24 |       4 |  14.3
     Lair:1 |    3549 |     527 |  12.9 |      18 |       2 |  10.0
     Lair:2 |    7749 |     603 |   7.2 |      16 |       3 |  15.8
     Lair:3 |    5373 |    5476 |  50.5 |      19 |      13 |  40.6
     Lair:4 |    9555 |    3398 |  26.2 |      33 |       6 |  15.4
     Lair:5 |   12315 |    8371 |  40.5 |      40 |      17 |  29.8
   Spider:1 |    3723 |    3670 |  49.6 |      19 |       3 |  13.6
      Orc:1 |    1913 |     906 |  32.1 |      12 |       1 |   7.7
      Orc:2 |    2769 |    5695 |  67.3 |      27 |      45 |  62.5
            +---------+---------+-------+---------+---------+-------
